 Dungeon Crawl Stone Soup version 0.27.1-3-gb3d3a73c9e (webtiles) character file.

Game seed: 687525655606578281

452 Eitelfritz the Ruffian (level 6, -7/61 HPs)
             Began as a Troll Fighter on Oct 15, 2021.
             Mangled by a two-headed ogre (30 damage)
             ... on level 3 of the Dungeon.
             The game lasted 00:06:40 (3003 turns).

Eitelfritz the Ruffian (Troll Fighter)              Turns: 3003, Time: 00:06:41

Health: -7/61      AC:  8    Str: 25    XL:     6   Next: 75%
Magic:  5/5        EV:  8    Int:  6    God:
Gold:   147        SH:  9    Dex:  9    Spells: 5/5 levels left

rFire    . . .     SeeInvis .     - Unarmed
rCold    . . .     Faith    .   b - +0 kite shield
rNeg     . . .     Spirit   .   a - +0 robe
rPois    .         Reflect  .   (helmet restricted)
rElec    .         Harm     .   (no cloak)
rCorr    .         Rampage  .   (gloves unavailable)
Will     .....                  (boots unavailable)
Stlth    +.........             (no amulet)
HPRegen  1.20/turn              g - +4 ring of protection
MPRegen  0.09/turn              (no ring)

@: no status effects
A: large, unfitting armour, claws 3, regeneration 1, shaggy fur 1, tough skin 1
a: no special abilities


You were on level 3 of the Dungeon.
You visited 1 branch of the dungeon, and saw 4 of its levels.

You collected 147 gold pieces.

Inventory:

Hand Weapons
 o - a +3 spear
 s - a +4 flail
Missiles
 k - 6 curare-tipped darts
 r - 10 poisoned darts (quivered)
Armour
 a - a +0 robe (worn)
 b - a +0 kite shield (worn)
Jewellery
 g - a +4 ring of protection (left claw)
 n - a ring of magical power
Scrolls
 c - a scroll of blinking {unknown}
 d - a scroll of acquirement {unknown}
 e - 2 scrolls of immolation {unknown}
 h - a scroll of noise {unknown}
 j - 3 scrolls of identify {unknown}
 m - 2 scrolls of enchant weapon {unknown}
 p - a scroll of fear {unknown}
 q - a scroll of teleportation {unknown}
Potions
 f - 3 potions of heal wounds {unknown}
 i - a potion of berserk rage {unknown}
 l - a potion of attraction {unknown}


   Skills:
 + Level 3.2 Fighting
 + Level 4.2 Dodging
 + Level 0.1 Stealth
 + Level 3.4 Shields
 + Level 4.4 Unarmed Combat


You had 5 spell levels left.
You didn't know any spells.
Your spell library contained the following spells:

 Spells                   Type           Power      Damage    Failure   Level
 Freeze                   Ice            0%         1d3       86%         1
 Slow                     Hex            0%         N/A       94%         2
 Confusing Touch          Hex            0%         N/A       99%         3
 Frozen Ramparts          Ice            0%         1d2       99%         3
 Hailstorm                Conj/Ice       0%         3d3       100%        4
 Yara's Violent Unravell  Hex/Tmut       0%         3d3       100%        5


Dungeon Overview and Level Annotations

Branches:
Dungeon (4/15)
 Temple: D:4-7

Altars:
Dithmenos

Shops:
D:3 [

Annotations:
D:4 Sigmund


Innate Abilities, Weirdness & Mutations

You are too large for most types of armour.
You have claws for hands.
Your natural rate of healing is unusually fast.
You are covered in fur. (AC +1)
You have tough skin. (AC +1)


Message History

Aim: a two-headed ogre, wielding two +0 giant spiked clubs (moderately wounded, very poisoned, slow, 71% to hit)
You throw a poisoned dart.
The poisoned dart hits the two-headed ogre.
The two-headed ogre is moderately wounded.
Throw: 14 darts (poison)
Press: ? - help, Q - select action, (/) - cycle Shift-Dir - straight line, f/p - two-headed ogre
Aim: a two-headed ogre, wielding two +0 giant spiked clubs (moderately wounded, poisoned, slow, 71% to hit)
You throw a poisoned dart.
The poisoned dart barely misses the two-headed ogre.
There is an open door here.
Throw: 13 darts (poison)
Press: ? - help, Q - select action, (/) - cycle Shift-Dir - straight line, f/p - two-headed ogre
Aim: a two-headed ogre, wielding two +0 giant spiked clubs (moderately wounded, poisoned, 71% to hit)
You throw a poisoned dart.
The poisoned dart hits the two-headed ogre.
The two-headed ogre looks even sicker.
The two-headed ogre is moderately wounded.
You mangle the two-headed ogre!!
The two-headed ogre is almost dead.
The two-headed ogre hits you with a +0 giant spiked club!!
The two-headed ogre closely misses you.
Throw: 12 darts (poison)
Press: ? - help, Q - select action, (/) - cycle Shift-Dir - straight line, f/p - two-headed ogre
Aim: a two-headed ogre, wielding two +0 giant spiked clubs (almost dead, poisoned, 71% to hit)
You throw a poisoned dart.
The poisoned dart completely misses the two-headed ogre.
You block the two-headed ogre's attack.
The two-headed ogre hits you with a +0 giant spiked club!!
The two-headed ogre looks more healthy.
There is an open door here.
Throw: 11 darts (poison)
Press: ? - help, Q - select action, (/) - cycle Shift-Dir - straight line, f/p - two-headed ogre
Aim: a two-headed ogre, wielding two +0 giant spiked clubs (almost dead, 71% to hit)
You throw a poisoned dart.
The poisoned dart hits the two-headed ogre.
The two-headed ogre is poisoned.
The two-headed ogre is almost dead.
The two-headed ogre hits you with a +0 giant spiked club.
The two-headed ogre hits you with a +0 giant spiked club!!
You die...

#.# #..........# #.# #.########.#
#.# #........#.# #.# #..#####.#.#
#.###..#####.#.#
...............###########
#.##########.............########
.......<...............>.##......
..#..........###@#######.##.#####
........####.# #O# #.##..###
#.#.#....<##.###(### #(#.....#
#.#.#......#.##....# #(#.#.#.##
#.#.#......#.##....# #.#.......
.<#.#.#....#.##....# #(#.....##
#.#.#......#.##....# #.#.#.#.#.
#+#......#.#.##....# #.#.#.####
......#..#.#.##....#####O#.#.....


You could see a two-headed ogre (poisoned).

Vanquished Creatures
  Eustachio (D:4)
  3 wights (D:3)
  A gnoll shaman (D:4)
  An orc priest (D:3)
  3 adders
  4 gnolls (D:4)
  An adder skeleton (D:4)
  A dart slug (D:1)
  8 orcs
  3 endoplasms
  5 giant cockroaches
  7 goblins
  7 hobgoblins
  4 jackals (D:2)
  A quokka (D:2)
  6 ball pythons
  4 bats
  3 frilled lizards
  6 kobolds
  3 rats
72 creatures vanquished.

Notes
Turn   | Place    | Note
-------+----------+-------------------------------------------
     0 | D:1      | Eitelfritz the Troll Fighter began the quest for the Orb.
     0 | D:1      | Reached XP level 1. HP: 22/22 MP: 0/0
   313 | D:1      | Reached XP level 2. HP: 29/29 MP: 1/1
   873 | D:2      | Found a faded altar of an unknown god.
   929 | D:2      | Reached XP level 3. HP: 36/36 MP: 2/2
  1752 | D:3      | Reached XP level 4. HP: 44/44 MP: 3/3
  1818 | D:3      | Reached XP level 5. HP: 17/50 MP: 4/4
  1881 | D:3      | Found a shadowy altar of Dithmenos.
  2224 | D:3      | Found Zyrunaa's Armour Shoppe.
  2492 | D:4      | Noticed Eustachio
  2539 | D:4      | Killed Eustachio
  2540 | D:4      | Reached XP level 6. HP: 14/61 MP: 5/5
  2826 | D:4      | Noticed a two-headed ogre
  2828 | D:4      | Noticed Sigmund
  2831 | D:4      | Noticed a water moccasin
  3003 | D:3      | Mangled by a two-headed ogre

Illustrated notes

Levels and vault maps discovered:
D:1:      dpeg_arrival_rooms_b, layout_loops_corners
D:2:      layout_loops_ring, ebering_ecumenical_altar_mist
D:3:      layout_basic, mainiacjoe_overflow_catwalk, serial_shops, shop
D:4:      layout_loops_ring, kennysheep_slug_shrine,
          minmay_misc_feat_nine_boxes, kennysheep_generic_room_13, uniq_sigmund,
          uniq_duvessa, uniq_eustachio

Skill      XL: |  1  2  3  4  5 |
---------------+----------------+-----
Dodging        | 3 4 |  4.2
Unarmed Combat | 3 4 |  4.4
Shields        | 3 |  3.4
Fighting       | 3 |  3.2
Stealth        | |  0.1

Action                   |  1- 3 |  4- 6 || total
-------------------------+-------+-------++-------
Melee: Unarmed           |   114 |   125 ||   239
Throw: Dart              |       |     8 ||     8
  Use: Potion            |       |     1 ||     1
Armor: Robe              |    54 |    82 ||   136
Dodge: Dodged            |    28 |    92 ||   120
Block: Kite shield       |    45 |    94 ||   139
